 Dungeon Crawl Stone Soup version 0.17-a0-854-g4a4ba72 (console) character file.

5962 sose the Covert (level 10, -3/63 HPs)
             Began as a Vampire Ice Elementalist on Apr 28, 2015.
             Was an Elder of Makhleb.
             Killed by dispel undead
             ... invoked by Josephine
              (41 damage)
             ... on level 10 of the Dungeon.
             The game lasted 00:36:16 (10353 turns).

sose the Covert (Vampire Ice Elementalist)         Turns: 10353, Time: 00:36:17

Health: -3/63      AC:  5    Str:  7      XL:     10   Next: 54%
Magic:  8/16       EV: 15    Int: 21      God:    Makhleb [****..]
Gold:   363        SH:  0    Dex: 14 (15) Spells: 5 memorised, 6 levels left

rFire  x . .     SeeInvis +     a - +1 dagger (drain)
rCold  + + .     Clarity  .     y - +1 robe
rNeg   + + .     SustAb   .     (no shield)
rPois  +         Gourm    .     j - +0 helmet
rElec  .         Spirit   .     c - +0 cloak
rCorr  .         Warding  .     (no gloves)
rMut   .         Stasis   .     (no boots)
MR     +....                    (no amulet)
Stlth  +++++.....               k - ring of teleport control
                                F - ring of ice

@: regenerating slowly, somewhat resistant to hostile enchantments, quite
stealthy
A: fangs 3, see invisible, unbreathing
a: Bat Form, Minor Destruction, Lesser Servant of Makhleb, Major Destruction,
Renounce Religion, Evoke Teleport Control


You were on level 10 of the Dungeon.
You worshipped Makhleb.
Makhleb was greatly pleased with you.
You were thirsty.

You visited 2 branches of the dungeon, and saw 10 of its levels.

You collected 444 gold pieces.
You spent 81 gold pieces at shops.

Inventory:

Hand weapons
 a - a +1 dagger of draining (weapon)
 b - the +8 mace of Rotation {venom, MP+9}
   (You found it on level 8 of the Dungeon)

   It poisons the flesh of those it strikes.
   It affects your magic capacity (+9).
Armour
 c - a +0 cloak (worn)
 j - a +0 helmet (worn)
 y - a +1 robe (worn)
Jewellery
 k - a ring of teleport control (right hand)
 F - a ring of ice (left hand)
Magical devices
 p - a wand of polymorph (5)
 u - a wand of flame (24)
 x - a wand of flame (29)
 B - a wand of flame (32)
 D - a wand of disintegration (11)
 H - a wand of draining (9)
 J - a wand of polymorph (15)
Scrolls
 d - a scroll of recharging
 e - 2 scrolls of amnesia
 l - 2 scrolls of identify
 n - a scroll of fear
 o - 3 scrolls of remove curse
 r - 2 scrolls of enchant armour
 s - a scroll of magic mapping
 t - 4 scrolls of teleportation
Potions
 g - 2 potions of haste
 h - 2 potions of poison
 i - 3 potions of might
 m - a potion of invisibility
 q - 17 potions of blood
 v - 2 potions of heal wounds
 w - a potion of beneficial mutation {unknown}
 z - a potion of mutation {unknown}
 C - 4 potions of curing {unknown}
 G - a potion of cancellation {unknown}
Books
 f - a book of Enchantments

   Spells                             Type                      Level
   a - Cause Fear                     Hexes                        4
   b - Silence                        Hexes/Air                    5
   c - Deflect Missiles               Charms/Air                   6
   d - Haste                          Charms                       6
   e - Discord                        Hexes                        8
 A - a book of Frost

   Spells                             Type                      Level
   a - Freeze                         Ice                          1
   b - Throw Frost                    Conjuration/Ice              2
   c - Ozocubu's Armour               Charms/Ice                   3
   d - Throw Icicle                   Conjuration/Ice              4
   e - Summon Ice Beast               Ice/Summoning                4
   f - Condensation Shield            Ice                          4
 E - a book of Beasts

   Spells                             Type                      Level
   a - Summon Butterflies             Summoning                    1
   b - Call Canine Familiar           Summoning                    3
   c - Summon Ice Beast               Ice/Summoning                4
   d - Summon Mana Viper              Hexes/Summoning              5
   e - Monstrous Menagerie            Summoning                    6
   f - Summon Hydra                   Summoning                    7
 I - a book of Debilitation

   Spells                             Type                      Level
   a - Corona                         Hexes                        1
   b - Slow                           Hexes                        2
   c - Gell's Gravitas                Hexes/Translocation          3
   d - Inner Flame                    Hexes/Fire                   3
   e - Cause Fear                     Hexes                        4
   f - Leda's Liquefaction            Hexes/Earth                  4


   Skills:
 * Level 4.1 Short Blades
 - Level 6.6 Dodging
 + Level 10.7 Stealth
 + Level 4.3 Spellcasting
 - Level 5.0 Conjurations
 - Level 10.3 Ice Magic


You had 6 spell levels left.
You knew the following spells:

 Your Spells              Type           Power        Failure   Level  Hunger
a - Freeze                Ice            ####         1%          1    None
b - Ozocubu's Armour      Chrm/Ice       #####...     4%          3    ##.....
c - Throw Icicle          Conj/Ice       ######..     6%          4    ####...
d - Throw Frost           Conj/Ice       ######       1%          2    #......
e - Summon Butterflies    Summ           #.......     12%         1    None


Dungeon Overview and Level Annotations

Branches:
Dungeon (10/15)            Temple (1/1) D:5             Orc (0/4) D:9
   Lair: D:8-11

Altars:
Ashenzari
Cheibriados
Dithmenos
Elyvilon
Fedhas
Kikubaaqudgha
Makhleb
Nemelex Xobeh
Okawaru
Qazlal
Ru
Sif Muna
Vehumet
Xom
Yredelemnul
Zin
The Shining One
Lugonu

Shops:
D:3 *   D:9 (

Annotations:
D:10 Josephine


Innate Abilities, Weirdness & Mutations

You heal slowly.
You have razor-sharp teeth.
You have supernaturally acute eyesight.
You can survive without breathing.


Message History

Aim: Josephine, wielding a dagger and wearing a robe You feel a surge of power!
The shard of ice misses Josephine.
You are feeling thirsty.
Josephine says, "I'll make a rug of your skin."
Josephine points at you and mumbles some strange words.
You convulse!
Press: ? - help, v - describe, . - travel
Here: Josephine, wielding a dagger and wearing a robe The floor.
Casting: Throw Icicle
Confirm with . or Enter, or press ? or * to list all spells.
Aiming: Throw Icicle
Press: ? - help, Shift-Dir - straight line, f/p - Josephine
Aim: Josephine, wielding a dagger and wearing a robe You feel a surge of power!
The shard of ice hits Josephine.
Josephine is moderately wounded.
Josephine points at you and mumbles some strange words.
You convulse!
Ouch! That really hurt!
You die...

...########..........
..........#...........
...###...(............
............>..........
..####..................
....##########...........
###..# #...........
.....# ##..........
.....# #.@.........
.....# #########.##.....
.....####(..@....@# ...
.....#....#########
.......# .##†.### ###..##
#...#####. ###.........


You could see Josephine.

Vanquished Creatures
  A hill giant (D:10)
  A two-headed ogre (D:9)
  The ghost of sose the Vandal, an average HaAM of Fedhas (D:5)
  Sigmund (D:5)
  A hippogriff (D:7)
  A human (D:7)
  3 wraiths (D:10)
  A hog (D:7)
  Menkaure (D:5)
  2 wargs (D:9)
  An ice beast (D:6)
  2 sky beasts
  3 phantoms
  6 centaurs
  5 ogres
  A big kobold (D:9)
  5 giant frogs
  5 wights
  3 scorpions
  A quasit (D:9)
  An iron imp (D:5)
  3 crimson imps
  A centaur zombie (D:6)
  4 hounds
  Crazy Yiuf (D:5)
  9 orc priests
  2 jellies
  2 centaur skeletons (D:8)
  11 orc wizards
  A giant frog skeleton (D:5)
  2 gnoll shamans (D:7)
  An iguana (D:9)
  6 worker ants
  3 sheep (D:7)
  2 worker ant zombies
  9 adders
  8 gnolls (D:7)
  An adder zombie (D:8)
  An adder skeleton (D:5)
  4 giant geckos
  36 orcs
  A bat zombie (D:5)
  2 giant cockroaches
  8 goblins
  13 hobgoblins
  10 jackals
  11 kobolds
  7 quokkas
  7 bats
  2 giant gecko skeletons
  4 giant newts
  A goblin skeleton (D:5)
  2 goblin zombies (D:5)
  An orc skeleton (D:5)
  2 orc zombies (D:5)
  11 rats
  A spectral orc (D:8)
236 creatures vanquished.

Notes
Turn   | Place    | Note
--------------------------------------------------------------
     0 | D:1      | sose, the Vampire Ice Elementalist, began the quest for the Orb.
     0 | D:1      | Reached XP level 1. HP: 13/13 MP: 3/3
   504 | D:1      | Reached XP level 2. HP: 17/19 MP: 3/5
   711 | D:2      | Reached skill level 4 in Ice Magic
   870 | D:2      | Reached XP level 3. HP: 21/24 MP: 2/6
  1061 | D:2      | Found a glowing silver altar of Zin.
  1426 | D:3      | Found Gozag's Platinum Reserve.
  1476 | D:3      | Found an ancient bone altar of Kikubaaqudgha.
  1492 | D:3      | You fall through a shaft for 3 floors!
  1511 | D:6      | Found a sacrificial altar of Ru.
  1513 | D:6      | Noticed a scorpion
  1518 | D:6      | Killed a scorpion
  1518 | D:6      | Reached skill level 5 in Ice Magic
  1518 | D:6      | Reached XP level 4. HP: 30/30 MP: 4/7
  1553 | D:6      | Reached XP level 5. HP: 5/35 MP: 8/8
  1714 | D:6      | Learned a level 3 spell: Ozocubu's Armour
  1809 | D:6      | Reached skill level 6 in Ice Magic
  1999 | D:5      | Entered Level 5 of the Dungeon
  2065 | D:5      | Noticed Crazy Yiuf
  2072 | D:5      | Killed Crazy Yiuf
  2072 | D:5      | Reached XP level 6. HP: 41/41 MP: 7/9
  2135 | D:5      | Reached skill level 7 in Ice Magic
  2221 | D:5      | Noticed an ogre
  2231 | D:5      | Killed an ogre
  2240 | D:5      | Reached skill level 5 in Stealth
  2342 | D:5      | Reached XP level 7. HP: 25/46 MP: 5/10
  2349 | D:5      | Noticed sose's ghost (average HaAM)
  2391 | D:5      | Killed sose's ghost
  2391 | D:5      | Reached skill level 8 in Stealth
  2505 | D:5      | Found a blossoming altar of Fedhas.
  2519 | D:5      | Found a staircase to the Ecumenical Temple.
  2528 | Temple   | Entered the Ecumenical Temple
  2562 | Temple   | Became a worshipper of Makhleb the Destroyer
  2775 | D:5      | Found a glowing golden altar of the Shining One.
  2802 | D:5      | Reached skill level 9 in Stealth
  3039 | D:5      | Noticed Menkaure
  3047 | D:5      | Learned a level 4 spell: Throw Icicle
  3054 | D:5      | Noticed a centaur
  3073 | D:5      | Killed Menkaure
  3424 | D:5      | Killed a centaur
  3424 | D:5      | Reached XP level 8. HP: 38/52 MP: 7/11
  3732 | D:5      | Found a sparkling altar of Nemelex Xobeh.
  3801 | D:5      | Noticed Sigmund
  3805 | D:5      | Killed Sigmund
  4093 | D:6      | Acquired Makhleb's first power
  4174 | D:6      | Noticed a phantom
  4220 | D:6      | Killed a phantom
  4220 | D:6      | Reached skill level 1 in Conjurations
  4550 | D:6      | Noticed a giant frog
  4557 | D:6      | Killed a giant frog
  4557 | D:6      | Reached skill level 5 in Dodging
  4635 | D:6      | Noticed a sky beast
  4644 | D:6      | Killed a sky beast
  4646 | D:6      | Found a shattered altar of Ashenzari.
  4768 | D:6      | Noticed an ice beast
  4786 | D:6      | Killed an ice beast
  4786 | D:6      | Reached XP level 9. HP: 31/57 MP: 8/12
  4876 | D:6      | Noticed a giant frog
  4884 | D:6      | Killed a giant frog
  4884 | D:6      | Acquired Makhleb's second power
  5569 | D:7      | Reached skill level 1 in Short Blades
  6374 | D:7      | Acquired Makhleb's third power
  6793 | D:7      | Found an iron altar of Okawaru.
  7558 | D:8      | Got a bone mace
  7559 | D:8      | Identified the +8 mace of Rotation {venom, MP+9} (You found it on level 8 of the Dungeon)
  7733 | D:8      | Found a white marble altar of Elyvilon.
  7776 | D:8      | Found a basalt altar of Yredelemnul.
  7803 | D:8      | Found a shadowy altar of Dithmenos.
  8128 | D:9      | Found a staircase to the Orcish Mines.
  8249 | D:9      | Reached XP level 10. HP: 42/63 MP: 13/16
  8259 | D:9      | Learned a level 2 spell: Throw Frost
  8445 | D:9      | Acquired Makhleb's fourth power
  8497 | D:9      | Learned a level 1 spell: Summon Butterflies
  8613 | D:9      | Found Zulafox's Antique Weapon Shoppe.
  8635 | D:9      | Bought a glowing short sword for 81 gold pieces
  8737 | D:9      | Reached skill level 5 in Conjurations
  9566 | D:9      | Found a snail-covered altar of Cheibriados.
  9765 | D:10     | Entered Level 10 of the Dungeon
  9765 | D:10     | Noticed a hill giant
  9768 | D:10     | Killed a hill giant
  9768 | D:10     | Reached skill level 10 in Stealth
  9768 | D:10     | Reached skill level 10 in Ice Magic
 10146 | D:10     | Noticed Josephine
 10353 | D:10     | Killed from afar by Josephine

Action                   |  1- 3 |  4- 6 |  7- 9 | 10-12 || total
-------------------------+-------+-------+-------+-------++-------
Melee: Short sword       |    10 |       |       |       ||    10
       Unarmed           |     1 |       |       |       ||     1
       Dagger            |    13 |    55 |   315 |   110 ||   493
       Mace              |       |       |    24 |       ||    24
 Cast: Freeze            |    39 |    40 |   209 |    94 ||   382
       Ozocubu's Armour  |       |       |     2 |       ||     2
       Throw Icicle      |       |       |    13 |    20 ||    33
       Throw Frost       |       |       |       |     4 ||     4
Evoke: Wand              |       |       |     8 |       ||     8
  Use: Scroll            |     7 |       |    11 |       ||    18
       Potion            |     1 |     3 |     6 |     5 ||    15
 Stab: Sleeping          |     3 |     1 |    11 |     5 ||    20
       Distracted        |       |       |     5 |       ||     5
  Eat: Corpse            |     9 |     5 |    12 |     3 ||    29
